 Dungeon Crawl Stone Soup version 0.30-a0-6-g7c9e10e132 (webtiles) character file.

Game seed: 18162404387410132931

2884 freelancePsychic the Covert (level 9, -2/94 HPs)
             Began as an Octopode Berserker on Aug 22, 2022.
             Was a Priest of Trog.
             Slain by a wyvern (10 damage)
             ... on level 8 of the Dungeon.
             The game lasted 00:11:52 (7944 turns).

freelancePsychic the Covert (Octopode Berserker)    Turns: 7944, Time: 00:11:53

Health: -2/94      AC: -1    Str: 16    XL:     9   Next: 76%
Magic:  9/9        EV: 16    Int: 10    God:    Trog [***...]
Gold:   436        SH:  4    Dex: 15    Spells: 8/8 levels left

rFire   + + .      SeeInvis .    d - +2 dagger (venom)
rCold   + . .      Faith    .    r - +0 buckler {rPois}
rNeg    . . .      Spirit   .    h - +2 hat
rPois   +          Reflect  .    (no amulet)
rElec   .          Harm     .    u - ring of protection from fire
rCorr   .          Rampage  .    t - ring of protection from cold
Will    ++...                    C - ring of protection from fire
Stlth   ..........               (no ring)
HPRegen 1.25/turn                (no ring)
MPRegen 0.11/turn                (no ring)
                                 (no ring)
                                 (no ring)

@: berserking, strong-willed, corroded, regenerating, very quick
A: almost no armour, amphibious, 8 rings, camouflage 1, gelatinous body 1,
(nimble swimmer 1), tentacles
a: Renounce Religion, Berserk, Trog's Hand


You were on level 8 of the Dungeon.
You worshipped Trog.
Trog was most pleased with you.
You visited 1 branch of the dungeon, and saw 8 of its levels.

You collected 436 gold pieces.

Inventory:

Hand Weapons
 a - a +0 falchion
 d - a +2 dagger of venom (weapon)
 F - a +0 dagger of speed
Missiles
 f - 19 poisoned darts (quivered)
 l - 4 boomerangs
 x - 6 atropa-tipped darts
 G - 5 javelins
Armour
 h - a +2 hat (worn)
 r - a +0 buckler of poison resistance (worn)
Jewellery
 t - a ring of protection from cold (right tentacle)
 u - a ring of protection from fire (left tentacle)
 C - a ring of protection from fire (on tentacle)
 I - a +6 ring of intelligence
Wands
 g - a wand of polymorph (22)
 y - a wand of flame (6)
 A - a wand of roots (14)
Scrolls
 k - 2 scrolls of teleportation {@r4}
 o - 2 scrolls of noise
 p - a scroll of fog
 v - a scroll of vulnerability {unknown}
 w - a scroll of magic mapping {unknown}
 D - a scroll of amnesia
 J - a scroll of silence {unknown}
Potions
 b - a potion of attraction
 c - 3 potions of mutation {unknown}
 e - a potion of berserk rage
 i - 2 potions of invisibility
 j - a potion of cancellation
 m - a potion of magic
 q - 4 potions of curing {@q1}
 z - a potion of degeneration {unknown}
 B - a potion of might {unknown}
 E - a potion of flight {unknown}


   Skills:
 * Level 6.4 Fighting
 * Level 6.6(6.9) Short Blades
 - Level 3.1(5.2) Long Blades
 + Level 3.2 Throwing
 - Level 7.2 Dodging
 - Level 8.4 Stealth
 * Level 1.4 Shields


You had 8 spell levels left.
You didn't know any spells.
Your spell library was empty.

Dungeon Overview and Level Annotations

Branches:
Dungeon (8/15)             Temple (0/1) D:7
   Lair: D:8-11

Altars:
Cheibriados
Gozag
Kikubaaqudgha
Ru
Wu Jian
Xom
The Shining One

Shops:
D:8 [

Annotations:
D:4 exclusion: 2 black bears
D:6 3 runed translucent doors, gregwegmann's ghost, novice TrMo
D:8 Erica


Innate Abilities, Weirdness & Mutations

You cannot wear most types of armour.
You are amphibious.
You can wear up to eight rings at the same time.
Your skin changes colour to match your surroundings (Stealth+).
Your rubbery body absorbs attacks. (AC +1, EV +1)
((You are camouflaged when in or above water. (Stealth+)))
You have tentacles for arms and can constrict up to eight enemies at once.


Message History

The white imp hits you.
* * * LOW HITPOINT WARNING * * *
The white imp freezes you. You resist.
* * * LOW HITPOINT WARNING * * *
Blink to where?
Press: ? - help, Dir - move target You lose your grip on the white imp.
As you read the scroll of blinking, it crumbles to dust.
Erica screams, "Coming here was suicide!
For you!"
Okay, then.
As you read the scroll of teleportation {@r4}, it crumbles to dust.
You feel strangely unstable.
You kill the white imp!
Trog accepts your kill.
Erica says, "I'm so much better than you."
Your surroundings suddenly seem different.
A wyvern comes into view.
Found a ring mail.
The wyvern hisses angrily.
You feel much better. The wyvern bites you.
A red film seems to cover your vision as you go berserk!
You feel yourself moving faster!
You feel mighty! The wyvern misses you.
You hit the wyvern.
The wyvern is poisoned.
The wyvern is moderately wounded.
The wyvern hisses menacingly.
The wyvern closely misses you.
You hit the wyvern but do no damage. Your squeeze misses the wyvern.
The wyvern is moderately wounded.
You hit the wyvern.
The wyvern is moderately wounded.
The wyvern bites you!!
* * * LOW HITPOINT WARNING * * *
You puncture the wyvern!
The wyvern looks as sick as possible!
The wyvern is severely wounded.
The wyvern bites you!!
* * * LOW HITPOINT WARNING * * *
You hit the wyvern but do no damage.
The wyvern looks as sick as possible!
The wyvern is heavily wounded.
The wyvern bites you!
You die...

####...
#..........#
##..
#..........#
##. #.......
#.......
#.......
#......#
#......#####
#.........#
#....@....#
.......l....#
###.........#
#.[.......#
###########


You could see a wyvern (extremely poisoned).

Vanquished Creatures
  Pikel (D:6)
  Prince Ribbit (D:6)
  A wyvern (D:6)
  Menkaure (D:7)
  A water moccasin (D:6)
  Duvessa (D:6)
  2 black bears
  An ogre (D:6)
  A sky beast (D:7)
  2 lemures (D:5)
  A centaur (D:6)
  3 phantoms
  A kobold brigand (D:8)
  A bullfrog (D:7)
  A necrophage (D:6)
  A scorpion (D:7)
  Dowan (D:6)
  A howler monkey (D:4)
  2 jellies
  An orc priest (D:7)
  A gnoll bouda (D:6)
  4 hounds
  Crazy Yiuf (D:6)
  4 orc wizards (D:7)
  4 iguanas
  12 gnolls
  6 adders
  3 white imps
  An ufetubus (D:4)
  2 worms
  10 orcs
  8 ball pythons
  4 bats (D:1)
  7 endoplasms
  5 giant cockroaches
  8 goblins
  7 hobgoblins
  9 quokkas
  3 frilled lizards
  15 kobolds
  5 rats
144 creatures vanquished.

Notes
Turn   | Place    | Note
-------+----------+-------------------------------------------
     0 | D:1      | freelancePsychic the Octopode Berserker began the quest for
                  | the Orb.
     0 | D:1      | Reached XP level 1. HP: 16/16 MP: 1/1
    38 | D:1      | Reached skill level 1 in Stealth
   190 | D:1      | Reached XP level 2. HP: 21/21 MP: 2/2
   248 | D:1      | Reached skill level 2 in Stealth
   627 | D:1      | Reached XP level 3. HP: 26/26 MP: 3/3
   636 | D:1      | Reached ** piety under Trog
  1033 | D:2      | Reached skill level 3 in Stealth
  1371 | D:2      | Reached skill level 1 in Short Blades
  1557 | D:2      | Found a faded altar of an unknown god.
  1562 | D:2      | Reached XP level 4. HP: 31/31 MP: 4/4
  2045 | D:3      | Found an ornate altar of the Wu Jian Council.
  2066 | D:3      | Reached skill level 4 in Stealth
  2143 | D:3      | Found an opulent altar of Gozag.
  2354 | D:3      | Found a glowing golden altar of the Shining One.
  2598 | D:4      | Noticed a phantom
  2602 | D:4      | Killed a phantom
  2603 | D:4      | Reached skill level 5 in Stealth
  2603 | D:4      | Reached XP level 5. HP: 36/36 MP: 5/5
  2662 | D:4      | Reached *** piety under Trog
  2663 | D:4      | Reached XP level 6. HP: 42/42 MP: 6/6
  2688 | D:4      | Reached skill level 6 in Stealth
  2851 | D:4      | Noticed a black bear
  2944 | D:4      | Noticed a black bear
  2993 | D:4      | Found a sacrificial altar of Ru.
  3389 | D:5      | Entered Level 5 of the Dungeon
  3628 | D:5      | Found an ancient bone altar of Kikubaaqudgha.
  4183 | D:5      | Found a shimmering altar of Xom.
  4497 | D:6      | Noticed Pikel
  4497 | D:6      | Found a runed translucent gate.
  4497 | D:6      | Found a runed translucent gate.
  4497 | D:6      | Found a runed translucent gate.
  4951 | D:6      | Reached skill level 7 in Stealth
  4951 | D:6      | Reached XP level 7. HP: 46/46 MP: 7/7
  5076 | D:6      | Reached skill level 8 in Stealth
  5112 | D:6      | Noticed gregwegmann's ghost (novice TrMo)
  5173 | D:6      | Killed Pikel
  5174 | D:6      | Reached skill level 5 in Dodging
  5174 | D:6      | Reached XP level 8. HP: 54/54 MP: 8/8
  5270 | D:6      | Noticed Duvessa
  5270 | D:6      | Noticed Dowan
  5627 | D:6      | Identified the +5 hammer of the Stopping Madman {flame,
                  | Int+7}
  5629 | D:6      | Found a runed translucent door.
  5630 | D:6      | Noticed Crazy Yiuf
  5636 | D:6      | Identified the +8 hammer "Niloloe" {pain, rElec Str+4}
  5640 | D:6      | Killed Crazy Yiuf
  5704 | D:6      | Reached skill level 1 in Throwing
  5756 | D:6      | Killed Duvessa
  5757 | D:6      | Reached skill level 5 in Short Blades
  5836 | D:6      | Reached skill level 5 in Fighting
  5845 | D:6      | Killed Dowan
  5846 | D:6      | Reached XP level 9. HP: 50/61 MP: 9/9
  6235 | D:6      | Noticed Prince Ribbit
  6245 | D:6      | Killed Prince Ribbit
  6447 | D:7      | Found a snail-covered altar of Cheibriados.
  6974 | D:7      | Noticed Menkaure
  6978 | D:7      | Killed Menkaure
  7351 | D:7      | Identified a scroll of acquirement
  7351 | D:7      | Acquired a +0 buckler of poison resistance
  7623 | D:7      | Found a staircase to the Ecumenical Temple.
  7845 | D:8      | Found Geraluh's Antique Armour Boutique.
  7907 | D:8      | Reached skill level 1 in Shields
  7914 | D:8      | Noticed Erica
  7944 | D:8      | Slain by a wyvern

Illustrated notes

Levels and vault maps discovered:
D:1:      moated_graveyard_arrival, layout_loops_ring
D:2:      layout_loops_ring, ebering_ecumenical_altar_mist, serial_aquarium,
          aquarium_bridge_island_small [aquarium_subvault_small_water,
          aquarium_subvault_window, aquarium_subvault_bridge,
          aquarium_subvault_balcony, aquarium_subvault_bridge],
          aquarium_window_corner, aquarium_window_1, aquarium_view_2c,
          due_unseen_surprise
D:3:      layout_loops_ring, nzn_wu_jian_contemplation,
          nicolae_tso_swordbearing_angel, grunt_gozag_statues
D:4:      layout_basic, kennysheep_little_box
D:5:      layout_loops_ring, mainiacjoe_overflow_catwalk, lemuel_tele_altar,
          kennysheep_doodads
D:6:      layout_basic, gammafunk_ghost_icy, uniq_duvessa, uniq_pikel,
          uniq_prince_ribbit1, uniq_crazy_yiuf_cottage
D:7:      layout_gridville, lemuel_round_altar,
          minmay_temple_entry_from_below_a, uniq_menkaure
D:8:      gammafunk_cloud_chamber, layout_rooms, serial_shops,
          nicolae_square_shop, corexii_checkpoint_a, uniq_erica

Skill      XL: |  1  2  3  4  5  6  7  8  9 |
---------------+----------------------------+-----
Stealth        | 1 2 3 5 7 8 |  8.4
Short Blades   | 1 2 3 4 5 6 |  6.6
Dodging        | 4 5 6 7 |  7.2
Fighting       | 4 5 6 |  6.4
Throwing       | 1 3 |  3.2
Shields        | 1 |  1.4
Long Blades    | |  3.1

Action                   |  1- 3 |  4- 6 |  7- 9 || total
-------------------------+-------+-------+-------++-------
Melee: Falchion          |    18 |       |       ||    18
       Constrict         |    18 |    21 |    32 ||    71
       Tentacles         |     7 |    15 |    48 ||    70
       Punch             |     1 |     2 |     2 ||     5
       Dagger            |    52 |    95 |   180 ||   327
Throw: Dart              |       |       |    11 ||    11
Invok: Berserk           |       |     2 |     5 ||     7
       Trog's Hand       |       |       |     4 ||     4
  Use: Scroll            |     2 |     9 |     8 ||    19
       Potion            |       |     1 |     1 ||     2
 Stab: Sleeping          |    16 |    18 |     8 ||    42
Armor: Skin              |     3 |    10 |     7 ||    20
Dodge: Dodged            |    28 |    46 |    88 ||   162
Block: Buckler           |       |       |     2 ||     2

Table legend: (Time is in decaauts)
 A = Elapsed time spent in this place.
 B = Non-inter-level travel time spent in this place.
 C = Inter-level travel time spent in this place.
 D = Time resting spent in this place.
 E = Time spent auto-exploring this place.
 F = Levels seen in this place.
 G = Mean time per level.
                   A        B        C        D        E       F      G
               +--------+--------+--------+--------+--------+-----+--------+
         Total |   7937 |   7532 |    405 |    606 |   5793 |   8 |  992.1 |
       Dungeon |   7937 |   7532 |    405 |    606 |   5793 |   8 |  992.1 |
               +--------+--------+--------+--------+--------+-----+--------+

Top non-repeatable levels by time:
     D:6: 1814 daAuts
     D:5: 1401 daAuts
     D:7: 1249 daAuts
     D:1: 935 daAuts
     D:2: 924 daAuts
     D:4: 807 daAuts
     D:3: 709 daAuts
     D:8: 95 daAuts
